 Dungeon Crawl Stone Soup version 0.29.1-15-g9cfb28693d (webtiles) character file.

Game seed: 3930040900180932258

5 DemonSlayer the Digger (level 1, -1/13 HPs)
             Began as a Demonspawn Earth Elementalist on Mar 9, 2023.
             Slain by a jackal (2 damage)
             ... on level 1 of the Dungeon.
             The game lasted 00:00:23 (127 turns).

DemonSlayer the Digger (DsEE)                        Turns: 127, Time: 00:00:24

Health: -1/13      AC:  2    Str:  8    XL:     1   Next: 66%
Magic:  1/3        EV: 12    Int: 16    God:
Gold:   0          SH:  0    Dex: 13    Spells: 3/4 levels left

rFire   . . .      SeeInvis .   (no weapon)
rCold   . . .      Faith    .   (no shield)
rNeg    . . .      Spirit   .   a - +0 robe
rPois   .          Reflect  .   (no helmet)
rElec   .          Harm     .   (no cloak)
rCorr   .          Rampage  .   (no gloves)
Will    .....                   (no boots)
Stlth   ++........              (no amulet)
HPRegen 0.04/turn               (no ring)
MPRegen 0.08/turn               (no ring)

@: no status effects
A: no striking features
a: no special abilities


You were on level 1 of the Dungeon.
You visited 1 branch of the dungeon, and saw 1 of its levels.

Inventory:

Armour
 a - a +0 robe (worn)
Scrolls
 b - a scroll of noise {unknown}


   Skills:
 + Level 1.7 Dodging
 + Level 1.9 Stealth
 + Level 2.1 Spellcasting
 + Level 0.8 Transmutations
 + Level 2.9 Earth Magic


You had 3 spell levels left.
You knew the following spells:

 Your Spells              Type           Power      Damage    Failure   Level
a - Sandblast             Erth           22%        2d7       6%          1

Your spell library contained the following spells:

 Spells                   Type           Power      Damage    Failure   Level
 Passwall                 Tmut/Erth      5%         N/A       14%         2
 Stone Arrow              Conj/Erth      12%        3d7       34%         3
 Petrify                  Tmut/Erth      7%         N/A       67%         4


Dungeon Overview and Level Annotations

Branches:
Dungeon (1/15)

Altars:


Message History

You can't see any susceptible monsters within range! (Use Z to cast anyway.)
A jackal comes into view.
The jackal barks!
A jackal comes into view.
You can't see any susceptible monsters within range! (Use Z to cast anyway.)
You can't see any susceptible monsters within range! (Use Z to cast anyway.)
The jackal barks!
The blast of sand hits the jackal.
You kill the jackal!
The blast of sand misses the jackal.
You miscast Sandblast.
You are very lightly contaminated with residual magic.
Nothing appears to happen.
The jackal misses you.
You are out of magic!
You are out of magic!
You are out of magic!
You closely miss the jackal. The jackal closely misses you.
The jackal bites you. The jackal closely misses you. x2
You closely miss the jackal. The jackal barely misses you.
The jackal closely misses you. The jackal closely misses you.
The jackal bites you. The jackal attacks as you move away!
The jackal misses you. The jackal attacks as you move away!
The jackal bites you. The jackal attacks as you move away!
The jackal bites you. x2
The jackal bites you but does no damage.
Your magical contamination has completely faded away.
You barely miss the jackal. The jackal misses you. The jackal bites you.
You hit the jackal but do no damage.
The jackal bites you but does no damage.
The jackal misses you.
You barely miss the jackal. The jackal bites you.
* * * LOW HITPOINT WARNING * * *
The jackal misses you. The jackal closely misses you. x2
You hit the jackal but do no damage. The jackal bites you.
* * * LOW HITPOINT WARNING * * *
The jackal barely misses you.
You closely miss the jackal.
The jackal bites you but does no damage.
The jackal closely misses you. The jackal bites you.
You die...

#..#.P.P.P..#..# ..♣♣♣
#..#..P.....#..# ....♣
#..#...P.P..#..#....$.
#..#..P.P.P.#..#......
#..#...P....#..#..[...
#..#..P.P.)...........
#'##..)...............
##..#######...†........
#....#@h...........?...
#....'.h........♣♣♣♣###
##..#######...♣♣♣ ####
♣♣♣♣♣


You could see 2 jackals.

Vanquished Creatures
  A dart slug (D:1)
  A ball python (D:1)
  A jackal (D:1)
3 creatures vanquished.

Notes
Turn   | Place    | Note
-------+----------+-------------------------------------------
     0 | D:1      | DemonSlayer the Demonspawn Earth Elementalist began the
                  | quest for the Orb.
     0 | D:1      | Reached XP level 1. HP: 13/13 MP: 3/3
   127 | D:1      | Slain by a jackal

Illustrated notes

Levels and vault maps discovered:
D:1:      sevenhm_arrival_forest_fort_large_4, layout_loops_ring,
          shapermc_ecumenical_altar_mp_urbaneastern

Action                   || total
-------------------------++-------
Melee: Unarmed           ||     7
 Cast: Sandblast         ||     6
  Use: Potion            ||     1
Armor: Robe              ||     3
Dodge: Dodged            ||    16
